 Dungeon Crawl Stone Soup version 0.31-a0-236-g9a0961fb85 (webtiles) character file.

Game seed: 16138069674116159445

54 qw the Shooter (level 3, -3/29 HPs)
             Began as a Minotaur Hexslinger on July 10, 2023.
             Slain by a goblin
             ... wielding a +0 club
             ... led by Robin
              (5 damage)
             ... on level 2 of the Dungeon.
             The game lasted 00:00:23 (1031 turns).

qw the Shooter (Minotaur Hexslinger)                Turns: 1031, Time: 00:00:24

Health: -3/29      AC:  6    Str: 12    XL:     3   Next: 66%
Magic:  3/3        EV: 11    Int: 10    God:
Gold:   43         SH:  0    Dex: 14    Spells: 3/4 levels left

rFire   . . .        Y - +1 sling
rCold   . . .        (no shield)
rNeg    . . .        g - +0 ring mail
rPois   .            (helmet restricted)
rElec   .            (no cloak)
rCorr   .            (no gloves)
SInv    .            e - +0 pair of boots
Will    .....        (no amulet)
Stlth   +            (no ring)
HPRegen 0.24/turn    (no ring)
MPRegen 0.08/turn

%: no passive effects
@: no status effects
A: horns 2, retaliatory headbutt
a: no special abilities


You were on level 2 of the Dungeon.
You visited 1 branch of the dungeon, and saw 2 of its levels.

You collected 43 gold pieces.


Innate Abilities, Weirdness & Mutations

You have a pair of horns on your head.
You reflexively headbutt those who attack you in melee.


   Skills:
 - Level 2.0 Fighting
 - Level 4.2 Ranged Weapons
 + Level 0.3 Armour
 - Level 2.1 Dodging
 - Level 1.0 Spellcasting
 - Level 2.0 Hexes


You had 3 spell levels left.
You knew the following spells:

 Your Spells              Type           Power      Damage    Failure   Level
a - Slow                  Hex            16%        N/A       34%         1

Your spell library contained the following spells:

 Spells                   Type           Power      Damage    Failure   Level
 Inner Flame              Hex/Fire       2%         N/A       83%         3
 Portal Projectile        Hex/Tloc       4%         N/A       83%         3
 Cause Fear               Hex            2%         N/A       98%         4

Inventory:

Hand Weapons
 Y - a +1 sling (weapon)
Armour
 e - a +0 pair of boots (worn)
 g - a +0 ring mail (worn)
Jewellery
 a - a ring of poison resistance
Potions
 d - a potion of attraction {unknown}

Dungeon Overview and Level Annotations

Branches:
Dungeon (2/15)

Altars:


Message History

Robin barely misses you. You furiously retaliate!
You headbutt Robin! The hobgoblin barely misses you.
The goblin completely misses you.
You shoot a sling bullet. The sling bullet barely misses Robin.
The sling bullet hits the quokka.
The quokka is heavily wounded.
The hobgoblin no longer looks unusually strong.
The goblin hits you with a +0 club. Robin hits you with a +0 mace.
The hobgoblin completely misses you.
The hobgoblin hits you but does no damage.
A goblin comes into view. It is wielding a +0 club.
Robin hits you but does no damage. The goblin hits you but does no damage.
You shoot a sling bullet. The sling bullet barely misses Robin.
The goblin no longer looks unusually strong.
Robin throws the goblin at you!
The hobgoblin hits you but does no damage.
The goblin closely misses you. The goblin hits you with a +0 club.
You shoot a sling bullet. The sling bullet hits Robin.
You kill Robin!
The hobgoblin barely misses you. The goblin closely misses you.
The goblin hits you but does no damage.
The quokka twitches its whiskers.
Your Ranged Weapons skill increases to level 4!
You shoot a sling bullet. The sling bullet hits the goblin.
You kill the goblin!
A goblin comes into view. It is wielding a +0 dagger.
The hobgoblin misses you. The goblin hits you but does no damage.
The goblin unwields a +0 sling.
The goblin wields a +0 dagger.
The goblin hits you with a +0 dagger. The hobgoblin barely misses you.
The goblin hits you but does no damage.
You shoot a sling bullet. The sling bullet hits the quokka.
You kill the quokka!
The goblin closely misses you. The hobgoblin barely misses you.
A goblin comes into view. It is wielding a +0 club.
The goblin hits you with a +0 club. The goblin hits you but does no damage.
You shoot a sling bullet. The goblin shouts!
The sling bullet hits the goblin.
The goblin is severely wounded.
The hobgoblin hits you. The goblin hits you with a +0 club.
You die...

.?<.....#.)...## ..
...............# #.#####
................ #......
................
##.)#..#................
........................
....................[.
#gggg...............
#@#..............#
#g##......#.....##
#.####.....######
##.#####....#
#...........#
#...........#
#...........#
#.....).....#
#...........#


You could see a hobgoblin and 4 goblins.

Vanquished Creatures
  Robin (D:2)
  2 dart slugs (D:1)
  3 ball pythons (D:1)
  4 endoplasms
  3 giant cockroaches
  7 goblins
  4 hobgoblins
  2 quokkas
  A bat (D:1)
  A frilled lizard (D:1)
  6 kobolds
34 creatures vanquished.

Notes
Turn   | Place    | Note
-------+----------+-------------------------------------------
     0 | D:1      | qw the Minotaur Hexslinger began the quest for the Orb.
     0 | D:1      | Reached XP level 1. HP: 16/16 MP: 1/1
     0 | D:1      | 0 ||| qw: Version: 0.3-a-52-g30416fa
     0 | D:1      | 0 ||| qw: Game counter: 4653
     0 | D:1      | 0 ||| qw: Melee chars always use a shield: true
     0 | D:1      | 0 ||| qw: God list: Okawaru
     0 | D:1      | 0 ||| qw: Allow faded altars: false
     0 | D:1      | 0 ||| qw: Do Orc after clearing Dungeon:15 true
     0 | D:1      | 0 ||| qw: Do second Lair branch before Depths: true
     0 | D:1      | 0 ||| qw: Lair rune preference: random
     0 | D:1      | 0 ||| qw: Goals: Normal
     0 | D:1      | 0 ||| PLANNING D:1-11
   118 | D:1      | Reached skill level 3 in Ranged Weapons
   118 | D:1      | Reached XP level 2. HP: 23/23 MP: 2/2
   243 | D:1      | 243 ||| FLEEEEING.
   244 | D:1      | 244 ||| FLEEEEING.
   245 | D:1      | 245 ||| FLEEEEING.
   916 | D:1      | 916 ||| UPGRADING to +0 pair of boots.
   921 | D:1      | 921 ||| UPGRADING to +0 ring mail.
   931 | D:1      | 931 ||| DROPPING +0 robe.
   932 | D:1      | 932 ||| READING scroll labelled OZOPTE SIJENU.
   933 | D:1      | 933 ||| READING 3 scrolls labelled TAC FA XES.
   934 | D:1      | 934 ||| READING scroll labelled ILUECHOYVY.
   935 | D:1      | 935 ||| READING scroll labelled NAATHI SULYDEV.
   940 | D:1      | 940 ||| DROPPING scroll of poison.
   941 | D:1      | 941 ||| DROPPING 2 scrolls of revelation.
   976 | D:2      | Reached XP level 3. HP: 29/29 MP: 3/3
  1011 | D:2      | Noticed Robin
  1027 | D:2      | HP: 7/29 [goblin/+0 club[Robin] (3)]
  1028 | D:2      | Killed Robin
  1029 | D:2      | Reached skill level 4 in Ranged Weapons
  1031 | D:2      | HP: 2/29 [hobgoblin[Robin] (2)]
  1031 | D:2      | Slain by a goblin

Levels and vault maps discovered:
D:1:      dpeg_arrival_water_temple_mockup, layout_basic, fountainhead,
          hex_tiny, minmay_heptomino_o4
D:2:      wad_river_or_something, layout_rooms, uniq_robin,
          uniq_crazy_yiuf_cottage

Skill      XL: |  1  2  3 |
---------------+----------+-----
Ranged Weapons | 3 4 |  4.2
Fighting       | 2 |  2.0
Armour         | |  0.3
Dodging        | |  2.1
Spellcasting   | |  1.0
Hexes          | |  2.0

Action                     || total
---------------------------++-------
   Fire: Sling             ||    89
    Use: Scroll            ||     4
 Armour: Robe              ||     3
         Ring mail         ||    11
  Dodge: Dodged            ||    34

Table legend:
 A = Non-vault XP
 B = Vault XP
 C = Vault XP percentage of total XP
 D = Non-vault monster count
 E = Vault monster count
 F = Vault count percentage of total count
                 A         B        C        D         E       F
            +---------+---------+-------+---------+---------+-------
      Total |      42 |      36 |  46.2 |      23 |      11 |  32.4
            +---------+---------+-------+---------+---------+-------
        D:1 |      34 |       6 |  15.0 |      18 |       3 |  14.3
        D:2 |       8 |      30 |  78.9 |       5 |       8 |  61.5
            +---------+---------+-------+---------+---------+-------
